 Dungeon Crawl Stone Soup version 0.28-a0-1206-g193881aaa2 (webtiles) character file.

Game seed: 9807131835468130575

97 dr0g0th the Sneak (level 4, -3/30 HPs)
             Began as an Octopode Brigand on Dec 20, 2021.
             Killed from afar by an orc wizard (8 damage)
             ... with a magic dart
             ... on level 3 of the Dungeon.
             The game lasted 00:05:00 (3047 turns).

dr0g0th the Sneak (Octopode Brigand)                Turns: 3047, Time: 00:05:01

Health: -3/30      AC:  1    Str: 10    XL:     4   Next: 68%
Magic:  4/4        EV: 13    Int: 13    God:
Gold:   174        SH:  0    Dex: 15    Spells: 3/3 levels left

rFire   . . .      SeeInvis .   e - +0 dagger (venom)
rCold   . . .      Faith    .   (no shield)
rNeg    . . .      Spirit   .   (helmet restricted)
rPois   .          Reflect  .   (no amulet)
rElec   .          Harm     .   (no ring)
rCorr   .          Rampage  .   (no ring)
Will    .....                   (no ring)
Stlth   +++++.....              (no ring)
HPRegen 0.10/turn               (no ring)
MPRegen 0.09/turn               (no ring)
                                (no ring)
                                (no ring)

@: mighty
A: almost no armour, amphibious, 8 rings, camouflage 1, gelatinous body 1,
(nimble swimmer 1), tentacles
a: no special abilities


You were on level 3 of the Dungeon.
You visited 1 branch of the dungeon, and saw 3 of its levels.

You collected 174 gold pieces.

Inventory:

Hand Weapons
 a - a +2 dagger
 e - a +0 dagger of venom (weapon)
Missiles
 b - 8 poisoned darts (quivered)
 c - 2 curare-tipped darts
Scrolls
 f - 2 scrolls of teleportation {unknown}
 g - a scroll of enchant weapon {unknown}
Potions
 d - a potion of flight


   Skills:
 + Level 2.7 Fighting
 + Level 2.6 Short Blades
 + Level 2.0 Throwing
 + Level 1.2 Dodging
 + Level 7.1 Stealth


You had 3 spell levels left.
You didn't know any spells.
Your spell library was empty.

Dungeon Overview and Level Annotations

Branches:
Dungeon (3/15)

Altars:
Uskayaw


Innate Abilities, Weirdness & Mutations

You cannot wear most types of armour.
You are amphibious.
You can wear up to eight rings at the same time.
Your skin changes colour to match your surroundings (Stealth+).
Your rubbery body absorbs attacks. (AC +1, EV +1)
((You are camouflaged near water. (Stealth+)))
You have tentacles for arms and can constrict up to eight enemies at once.


Message History

The orc is moderately wounded.
You constrict the orc. The orc hits you but does no damage.
You hit the orc but do no damage.
The orc looks as sick as possible!
You squeeze the orc.
The orc is heavily wounded.
You constrict the orc, but do no damage.
You kill the orc!
No target in view!
No target in view!
You start resting.
An orc comes into view. It is wielding a +0 club.
An orc comes into view. It is wielding a +0 club.
An orc wizard comes into view. It is wielding a +0 dagger.
Things that are here:
a +0 club; a +0 scale mail; an orc corpse The orc shouts! x2
The orc closely misses you.
The orc wizard shouts!
You barely miss the orc. Your grab misses the orc.
The orc wizard gestures at you while chanting.
The magic dart hits you!
An orc comes into view. It is wielding a +0 flail.
The orc barely misses you. The orc closely misses you.
Okay, then.
You feel very mighty all of a sudden. The orc hits you with a +0 club.
* * * LOW HITPOINT WARNING * * *
The orc barely misses you.
The orc shouts!
You hit the orc. Your grab misses the orc.
The orc is heavily wounded.
The orc hits you with a +0 club.
* * * LOW HITPOINT WARNING * * *
The orc hits you with a +0 club.
* * * LOW HITPOINT WARNING * * *
You puncture the orc!
You kill the orc!
The orc wizard points at you and mumbles some strange words.
The magic dart hits you!
You die...

. . # .. ... ### .o ....
###). #.#### ..# #.... #
...###..# #...#.. ##o####
#..#...###...###..
#...).###@o).......####..#
#.....o.)...##.### #....##
#.....##.....#.# #.#####
#.########.....# #.# # #
#..#.#.#####.# #
#.##.........## #
#.####.####...# #.# #.##
##..#### #.# #..# #.....#


You could see an orc wizard and an orc.

Vanquished Creatures
  3 adders
  2 dart slugs
  4 orcs (D:3)
  3 endoplasms
  3 giant cockroaches
  15 goblins
  8 hobgoblins
  4 kobolds (D:2)
  2 ball pythons (D:1)
  4 bats
  6 frilled lizards
  3 rats
  A spectral goblin (D:1)
58 creatures vanquished.

Notes
Turn   | Place    | Note
-------+----------+-------------------------------------------
     0 | D:1      | dr0g0th the Octopode Brigand began the quest for the Orb.
     0 | D:1      | Reached XP level 1. HP: 14/14 MP: 1/1
    78 | D:1      | You fall into a shaft and drop 1 floor!
   304 | D:1      | Reached XP level 2. HP: 19/19 MP: 2/2
   567 | D:1      | Found a faded altar of an unknown god.
   581 | D:1      | Reached skill level 6 in Stealth
  1145 | D:1      | Reached XP level 3. HP: 8/24 MP: 3/3
  2070 | D:2      | Reached XP level 4. HP: 19/30 MP: 4/4
  2758 | D:3      | Reached skill level 7 in Stealth
  2888 | D:3      | Found a hide-covered altar of Uskayaw.
  3047 | D:3      | Killed from afar by an orc wizard

Illustrated notes

Levels and vault maps discovered:
D:1:      lemuel_arrival_behind_the_door_small, layout_loops_ring,
          dreamdust_ecumenical_altar_drowned_temple
D:2:      cheibrodos_greedy_goblins, layout_basic
D:3:      layout_rooms, nicolae_uskayaw_murder_on_the_dancefloor,
          kennysheep_generic_room_10, uniq_sigmund

Skill      XL: |  1  2  3  4 |
---------------+-------------+-----
Stealth        | 6 7 |  7.1
Fighting       | |  2.7
Short Blades   | |  2.6
Throwing       | |  2.0
Dodging        | |  1.2

Action                   |  1- 3 |  4- 6 || total
-------------------------+-------+-------++-------
Melee: Dagger            |    84 |    37 ||   121
       Constrict         |    16 |     4 ||    20
       Tentacles         |    11 |     5 ||    16
  Use: Potion            |     5 |     1 ||     6
       Scroll            |     3 |     1 ||     4
 Stab: Sleeping          |    11 |     7 ||    18
Armor: Skin              |    14 |     1 ||    15
Dodge: Dodged            |    38 |    19 ||    57

Table legend: (Time is in decaauts)
 A = Elapsed time spent in this place.
 B = Non-inter-level travel time spent in this place.
 C = Inter-level travel time spent in this place.
 D = Time resting spent in this place.
 E = Time spent auto-exploring this place.
 F = Levels seen in this place.
 G = Mean time per level.
                   A        B        C        D        E       F      G
               +--------+--------+--------+--------+--------+-----+--------+
         Total |   3036 |   3013 |     23 |    678 |   1899 |   3 | 1012.0 |
       Dungeon |   3036 |   3013 |     23 |    678 |   1899 |   3 | 1012.0 |
               +--------+--------+--------+--------+--------+-----+--------+

Top non-repeatable levels by time:
     D:2: 1402 daAuts
     D:1: 1246 daAuts
     D:3: 387 daAuts
